 Dungeon Crawl Stone Soup version 0.20.1-1-g8b1a95d66d (webtiles) character file.

23 NullDivider the Charlatan (level 3, 0/23 HPs)
             Began as an Octopode Artificer on Dec 6, 2017.
             Slain by an adder (1 damage)
             ... on level 3 of the Dungeon.
             The game lasted 00:03:49 (1517 turns).

NullDivider the Charlatan (Octopode Artificer)      Turns: 1517, Time: 00:03:50

Health: 0/23       AC:  1    Str: 11    XL:     3   Next: 0%
Magic:  5/5        EV: 14    Int: 13    God:
Gold:   27         SH:  0    Dex: 13    Spells: 2/2 levels left

rFire    . . .     SeeInvis .   a - +0 short sword
rCold    . . .     Gourm    .   (no shield)
rNeg     . . .     Faith    .   (helmet restricted)
rPois    .         Spirit   .   (no amulet)
rElec    .         Reflect  .   (no ring)
rCorr    .         Harm     .   (no ring)
MR       .....                  (no ring)
Stlth    +++.......             (no ring)
Regen    0.1/turn               (no ring)
MPRegen  0.1/turn               (no ring)
                                (no ring)
                                (no ring)

@: lethally poisoned (0 -> -5)
A: almost no armour, stealthy swim, amphibious, 8 rings, constrict 8, camouflage
1, gelatinous body 1
a: no special abilities


You were on level 3 of the Dungeon.
You were not hungry.

You visited 1 branch of the dungeon, and saw 3 of its levels.

You collected 27 gold pieces.

Inventory:

Hand Weapons
 a - a +0 short sword (weapon)
Wands
 b - a wand of flame (15/48)
 c - a wand of enslavement (14/24)
 d - a wand of random effects (11/48)
Scrolls
 e - 4 scrolls of identify {unknown}
 j - a scroll of recharging {unknown}
 k - a scroll of enchant weapon {unknown}
 q - a scroll of teleportation {unknown}
Potions
 g - 3 potions of flight {unknown}
 h - a potion of might {unknown}
 l - 2 potions of curing {unknown}
 n - a potion of agility {unknown}
 p - a potion of haste {unknown}
Comestibles
 f - 2 bread rations
 i - 4 meat rations
 m - a royal jelly
 o - 3 chunks of flesh


   Skills:
 + Level 1.3 Fighting
 + Level 1.3 Short Blades
 + Level 2.5 Dodging
 * Level 2.5 Stealth
 + Level 3.3 Evocations


You had 2 spell levels left.
You didn't know any spells.

Dungeon Overview and Level Annotations

Branches:
Dungeon (3/15)

Altars:
The Shining One

Annotations:
D:3 Gargoyl's ghost, weakling CeAK; Sigmund


Innate Abilities, Weirdness & Mutations

You cannot wear most types of armour.
You are very stealthy in the water. (Stealth+)
You are amphibious.
You can wear up to eight rings at the same time.
You can use your tentacles to constrict eight enemies at once.
Your skin changes colour to match your surroundings (Stealth+).
Your rubbery body absorbs attacks. (AC +1, EV +1)


Message History

You constrict Sigmund.
You feel sick. The adder misses you.
Sigmund misses the adder.
The adder bites you. Gargoyl's ghost hits you.
* * * LOW HITPOINT WARNING * * *
You catch the helpless Sigmund completely off-guard!
You puncture Sigmund!
Sigmund is almost dead.
You constrict Sigmund, but do no damage.
The adder bites you.
* * * LOW HITPOINT WARNING * * *
Gargoyl's ghost misses you.
Sigmund struggles to escape constriction.
Evoke which item? (* to show all) (? for menu, Esc to quit)
Aiming: Enslavement
Press: ? - help, Shift-Dir - straight line, f/p - Sigmund
Aim: Sigmund, wielding a scythe and wearing a robe (almost dead, constricted by you, fast+slow, confused, chance to defeat MR: 64%) Sigmund is charmed.
You release your grip on Sigmund.
This wand has 14 charges left.
* * * LOW HITPOINT WARNING * * *
You feel sick. The adder bites you.
You die...

#..<..W#..#
........>.)#
#...........
#............
#.............
#.........%..$. ##
#.......?.......
...##...W............
#.......@@......
...#...S.......
#...<.......
######.##### .# .# #


You could see Gargoyl's ghost, an adder and the friendly Sigmund (confused).

Vanquished Creatures
  A worm (D:3)
  A dart slug (D:1)
  4 bats
  2 giant cockroaches
  3 hobgoblins
  A kobold (D:1)
  2 frilled lizards (D:2)
  2 goblins
  2 rats (D:2)
18 creatures vanquished.

Notes
Turn   | Place    | Note
-------+----------+-------------------------------------------
     0 | D:1      | NullDivider the Octopode Artificer began the quest for the Orb.
     0 | D:1      | Reached XP level 1. HP: 13/13 MP: 3/3
   325 | D:1      | Reached XP level 2. HP: 18/18 MP: 4/4
   628 | D:2      | Found a glowing golden altar of the Shining One.
  1454 | D:3      | Noticed Gargoyl's ghost (weakling CeAK)
  1460 | D:3      | Noticed Sigmund
  1488 | D:2      | Reached XP level 3. HP: 22/23 MP: 5/5
  1516 | D:3      | HP: 1/23 [adder (4)]
  1517 | D:3      | Slain by an adder

Skill      XL: |  1  2 |
---------------+-------+-----
Stealth        | 2 |  2.5
Fighting       | |  1.3
Short Blades   | |  1.3
Dodging        | |  2.5
Evocations     | |  3.3

Action                   || total
-------------------------++-------
Melee: Short sword       ||    44
       Constrict         ||    12
       Tentacles         ||     8
Evoke: Wand              ||     5
 Stab: Sleeping          ||     6
       Confused          ||     1
  Eat: Chunk             ||     2
Armor: Skin              ||     6
Dodge: Dodged            ||    28
